 Dungeon Crawl Stone Soup version 0.29.0-4-gdea44cf6ec (webtiles) character file.

Game seed: 2615762197347218319

46 qw the Chopper (level 3, -4/21 HPs)
             Began as a Tengu Warper on Aug 29, 2022.
             Slain by a gnoll
             ... wielding a +1 vampiric spear
              (5 damage)
             ... on level 2 of the Dungeon.
             The game lasted 00:00:07 (1320 turns).

qw the Chopper (Tengu Warper)                       Turns: 1320, Time: 00:00:08

Health: -4/21      AC:  6    Str: 13    XL:     3   Next: 66%
Magic:  7/7        EV:  9    Int: 13    God:
Gold:   11         SH:  0    Dex: 13    Spells: 6/6 levels left

rFire   . . .      SeeInvis .   Y - +0 hand axe
rCold   . . .      Faith    .   (no shield)
rNeg    . . .      Spirit   .   e - +0 scale mail
rPois   .          Reflect  .   (helmet restricted)
rElec   .          Harm     .   (no cloak)
rCorr   .          Rampage  .   (no gloves)
Will    .....                   (boots unavailable)
Stlth   ..........              (no amulet)
HPRegen 0.07/turn               (no ring)
MPRegen 0.10/turn               (no ring)

@: no status effects
A: beak, talons 3
a: no special abilities


You were on level 2 of the Dungeon.
You visited 1 branch of the dungeon, and saw 2 of its levels.

You collected 11 gold pieces.


Innate Abilities, Weirdness & Mutations

You have a beak for a mouth.
You have claws for feet.


   Skills:
 - Level 2.0 Fighting
 + Level 4.3 Axes
 - Level 1.0 Throwing
 - Level 1.1 Armour
 - Level 2.1 Dodging
 - Level 2.0 Spellcasting
 - Level 2.4 Translocations


You had 6 spell levels left.
You didn't know any spells.
Your spell library contained the following spells:

 Spells                   Type           Power      Damage    Failure   Level
 Blink                    Tloc           14%        N/A       56%         2
 Gell's Gravitas          Tloc           7%         N/A       80%         3
 Lesser Beckoning         Tloc           7%         N/A       80%         3
 Teleport Other           Tloc           7%         N/A       80%         3
 Manifold Assault         Tloc           7%         N/A       100%        5

Inventory:

Hand Weapons
 g - a +3 mace of protection
 Y - a +0 hand axe (weapon)
Armour
 e - a +0 scale mail (worn)
Potions
 a - a potion of berserk rage {unknown}
 d - a potion of brilliance {unknown}
 f - a potion of might {unknown}
 h - a potion of curing {unknown}
 i - a potion of resistance
 l - a potion of cancellation {unknown}
 m - a potion of mutation {unknown}

Dungeon Overview and Level Annotations

Branches:
Dungeon (2/15)

Altars:

Shops:
D:1 !


Message History

A gnoll comes into view. It is wielding a +0 club.
You hear a shout!
You hear an angry hiss.
Enter note: You hear a shout!
You hit the goblin.
The goblin is heavily wounded.
The goblin completely misses you.
You slash the goblin!
You kill the goblin!
A gnoll comes into view. It is wielding a +1 vampiric spear.
1311 ||| Stepping ~*~*~tactically~*~*~ (hiding).
You hit the gnoll but do no damage. The gnoll closely misses you.
You barely miss the gnoll. Your kick misses the gnoll.
The gnoll hits you but does no damage.
You hit the gnoll.
The gnoll is moderately wounded.
The gnoll hits you with a +0 club.
You hit the gnoll.
The gnoll is severely wounded.
The gnoll barely misses you.
You hit the gnoll. Your kick misses the gnoll.
The gnoll is almost dead.
The gnoll hits you from afar with a +1 vampiric spear!
The gnoll hits you but does no damage.
You closely miss the gnoll. You claw the gnoll.
You kill the gnoll!
The gnoll hits you from afar with a +1 vampiric spear.
A gnoll and a goblin come into view.
The gnoll shouts!
The goblin shouts!
The gnoll barely misses you.
A ball python comes into view.
You see here a +0 club.
You closely miss the gnoll.
The ball python hisses angrily.
Your kick misses the gnoll.
The gnoll hits you with a +1 vampiric spear.
A goblin comes into view. It is wielding a +0 club.
The gnoll hits you with a +1 vampiric spear.
You die...

#.# #.# . #.# .. #.#
g.. ######.### .S..
#........# .....
#........#
.....g##........#######
#gg@#####.........#
###)# #.........# #..
#.........#
##?.............#
####..........#
#..........##
##.........'.
#.........#.
...##..#####.


You could see 2 gnolls, 2 goblins and a ball python.

Vanquished Creatures
  A gnoll (D:2)
  A worm (D:2)
  2 bats (D:1)
  3 endoplasms
  A giant cockroach (D:1)
  4 goblins
  6 hobgoblins
  3 quokkas (D:1)
  3 ball pythons
  2 frilled lizards (D:1)
  A kobold (D:2)
  3 rats (D:1)
30 creatures vanquished.

Notes
Turn   | Place    | Note
-------+----------+-------------------------------------------
     0 | D:1      | qw the Tengu Warper began the quest for the Orb.
     0 | D:1      | Reached XP level 1. HP: 12/12 MP: 4/4
     0 | D:1      | 0 ||| qw: Version: 0.1-a-89-g26bdef1
     0 | D:1      | 0 ||| qw: Game counter: 3486
     0 | D:1      | 0 ||| qw: Always use a shield: true
     0 | D:1      | 0 ||| qw: God list: Okawaru
     0 | D:1      | 0 ||| qw: Allow faded altars: false
     0 | D:1      | 0 ||| qw: Do Orc after D:15 true
     0 | D:1      | 0 ||| qw: Do second Lair branch before Depths: true
     0 | D:1      | 0 ||| qw: Lair rune preference: random
     0 | D:1      | 0 ||| qw: Plans: Normal
     0 | D:1      | 0 ||| PLANNING D:1-11
    66 | D:1      | 66 ||| Stepping ~*~*~tactically~*~*~ (stealth).
    73 | D:1      | 73 ||| Stepping ~*~*~tactically~*~*~ (stealth).
    91 | D:1      | 91 ||| Stepping ~*~*~tactically~*~*~ (stealth).
   183 | D:1      | Reached XP level 2. HP: 17/17 MP: 6/6
   193 | D:1      | Reached skill level 3 in Axes
   359 | D:1      | 359 ||| Stepping ~*~*~tactically~*~*~ (stealth).
   361 | D:1      | 361 ||| Stepping ~*~*~tactically~*~*~ (stealth).
   392 | D:1      | 392 ||| Stepping ~*~*~tactically~*~*~ (stealth).
   411 | D:1      | 411 ||| Stepping ~*~*~tactically~*~*~ (stealth).
   416 | D:1      | 416 ||| Stepping ~*~*~tactically~*~*~ (stealth).
   545 | D:1      | 545 ||| Stepping ~*~*~tactically~*~*~ (stealth).
   591 | D:1      | 591 ||| Stepping ~*~*~tactically~*~*~ (stealth).
   601 | D:1      | Found Huximaun's Distillery.
   608 | D:1      | 608 ||| Stepping ~*~*~tactically~*~*~ (stealth).
   609 | D:1      | 609 ||| SHOPLISTING 2 potions of cancellation (224 gold,
                  | have 11).
   609 | D:1      | 609 ||| SHOPLISTING potion of cancellation (112 gold, have
                  | 11).
   609 | D:1      | 609 ||| SHOPLISTING potion of curing (42 gold, have 11).
   609 | D:1      | 609 ||| SHOPLISTING potion of might (56 gold, have 11).
   653 | D:1      | 653 ||| Stepping ~*~*~tactically~*~*~ (stealth).
   661 | D:1      | Reached XP level 3. HP: 21/21 MP: 7/7
   993 | D:1      | 993 ||| UPGRADING to +0 scale mail.
  1003 | D:1      | 1003 ||| DROPPING +0 leather armour.
  1004 | D:1      | 1004 ||| READING scroll labelled FODATI AVINI.
  1005 | D:1      | 1005 ||| READING scroll labelled NONOOT JEOGI.
  1010 | D:1      | 1010 ||| DRINKING 2 fuming blue potions.
  1011 | D:1      | 1011 ||| DROPPING scroll of blinking.
  1051 | D:2      | 1051 ||| STAIRDANCE
  1096 | D:2      | 1096 ||| STAIRDANCE
  1170 | D:2      | Reached skill level 4 in Axes
  1311 | D:2      | 1311 ||| Stepping ~*~*~tactically~*~*~ (hiding).
  1318 | D:2      | HP: 3/21 [gnoll/+1 vampiric spear (6)]
  1320 | D:2      | HP: 1/21 [gnoll/+1 vampiric spear (2)]
  1320 | D:2      | Slain by a gnoll

Levels and vault maps discovered:
D:1:      lightli_arrival_windingriver, layout_rooms, serial_shops, shop,
          serial_aquarium, aquarium_bridge_island_small
          [aquarium_subvault_small_open, aquarium_subvault_bridge,
          aquarium_subvault_wall, aquarium_subvault_wall,
          aquarium_subvault_bridge], aquarium_bridge_long_separate
          [aquarium_subvault_wall, aquarium_subvault_wall,
          aquarium_subvault_bridge, aquarium_subvault_bridge,
          aquarium_subvault_bridge, aquarium_subvault_wall], aquarium_window_1,
          aquarium_window_1, aquarium_window_1, aquarium_view_2c,
          chequers_serial_rivers_micro_a, nrook_campfire
D:2:      layout_basic, hellmonk_ecumenical_altar_crossroads

Skill      XL: |  1  2  3 |
---------------+----------+-----
Axes           | 3 4 |  4.3
Fighting       | |  2.0
Throwing       | |  1.0
Armour         | |  1.1
Dodging        | |  2.1
Spellcasting   | |  2.0
Translocations | |  2.4

Action                   || total
-------------------------++-------
Melee: Hand axe          ||    77
       Kick              ||    16
       Peck              ||     4
Throw: Boomerang         ||     7
  Use: Scroll            ||     2
       Potion            ||     1
Armor: Leather armour    ||    11
       Scale mail        ||     5
Dodge: Dodged            ||    34

Table legend:
 A = Non-vault XP
 B = Vault XP
 C = Vault XP percentage of total XP
 D = Non-vault monster count
 E = Vault monster count
 F = Vault count percentage of total count
                 A         B        C        D         E       F
            +---------+---------+-------+---------+---------+-------
      Total |      66 |       0 |   0.0 |      30 |       0 |   0.0
            +---------+---------+-------+---------+---------+-------
        D:1 |      39 |       0 |   0.0 |      23 |       0 |   0.0
        D:2 |      27 |       0 |   0.0 |       7 |       0 |   0.0
            +---------+---------+-------+---------+---------+-------
